 Dungeon Crawl Stone Soup version 0.17.2-1-ge4368a0 (webtiles) character file.

119 Goblin1989 the Chopper (level 5, 0/45 HPs)
             Began as a Hill Orc Gladiator on Feb 15, 2017.
             Slain by Grinder (5 damage)
             ... while paralysed by Grinder
             ... on level 3 of the Dungeon.
             The game lasted 00:06:03 (2151 turns).

Goblin1989 the Chopper (Hill Orc Gladiator)         Turns: 2151, Time: 00:06:03

Health: 0/45       AC:  9    Str: 19    XL:     5   Next: 3%
Magic:  5/5        EV:  2    Int:  8    God:
Gold:   143        SH:  0    Dex: 11    Spells: 0 memorised, 4 levels left

rFire  . . .     SeeInvis .     a - +0 war axe
rCold  . . .     Clarity  .     m - +0 scale mail
rNeg   . . .     SustAt   .     (no shield)
rPois  .         Gourm    .     c - +0 helmet
rElec  .         Spirit   .     (no cloak)
rCorr  .         Warding  .     g - +1 pair of gloves
rMut   .         Stasis   .     (no boots)
MR     .....                    (no amulet)
Stlth  ..........               (no ring)
                                (no ring)

@: paralysed, not resistant to hostile enchantments, extremely unstealthy
A: no striking features
a: no special abilities


You were on level 3 of the Dungeon.
You were not hungry.

You visited 1 branch of the dungeon, and saw 3 of its levels.

You collected 143 gold pieces.

Inventory:

Hand Weapons
 a - a +0 war axe (weapon)
Missiles
 b - 6 curare-tipped needles
 Z - 2 throwing nets (quivered) {!d, =f}
Armour
 c - a +0 helmet (worn)
 g - a +1 pair of gloves (worn)
 m - a +0 scale mail (worn)
Wands
 u - a wand of cold (5)
Scrolls
 e - a scroll of noise {unknown}
 f - 3 scrolls of fear {unknown}
 k - a scroll of magic mapping {unknown}
 n - 3 scrolls of teleportation {unknown}
 o - a scroll of fog {unknown}
 p - 3 scrolls of remove curse {unknown}
 q - a scroll of immolation {unknown}
 r - a scroll of amnesia {unknown}
 s - 2 scrolls of blinking {unknown}
Potions
 d - a potion of degeneration {unknown}
 i - a potion of lignification {unknown}
 j - a potion of agility {unknown}
 t - a potion of heal wounds {unknown}
Comestibles
 h - a chunk of flesh
 l - a meat ration {@e2}


   Skills:
 + Level 3.0 Fighting
 * Level 6.2 Axes
 - Level 1.7 Throwing
 + Level 1.6 Armour
 + Level 2.7 Dodging


You had 4 spell levels left.
You didn't know any spells.

Dungeon Overview and Level Annotations

Branches:
Dungeon (3/15)

Altars:
Cheibriados
Nemelex Xobeh
Qazlal
Xom

Annotations:
D:3 Grinder


Message History

The gnoll hits you with a spear. The gnoll hits you but does no damage.
You take 1 damage, and have 20/37 hp.
You slash the gnoll!
You kill the gnoll!
You have reached level 5!
You feel stronger.
You regained 3 hp, and now have 23/44 hp.
MP restored: 5 You see here a gnoll corpse.
You butcher the gnoll corpse.
h - a chunk of flesh You start resting.
HP restored.
Health restored: 44 Unknown command.
t - a fizzy black potion A bat comes into view.
The bat barely misses you.
You miss the bat. The bat hits you but does no damage.
You barely miss the bat. The bat barely misses you.
No target in view!
No target in view!
No target in view!
No target in view!
No target in view!
No target in view!
No target in view!
No target in view!
No target in view!
No target in view!
No target in view!
No target in view!
No target in view!
No target in view!
No target in view!
No target in view!
No target in view!
The bat hits you but does no damage. The bat closely misses you.
You hit the bat.
The bat is severely wounded.
The bat barely misses you. The bat hits you but does no damage.
The bat hits you but does no damage.
Your scale mail prevents you from hitting the bat.
The bat is severely wounded.
The bat barely misses you. The bat completely misses you.
You closely miss the bat.
The bat is severely wounded.
The bat closely misses you. The bat hits you but does no damage.
The bat closely misses you.
You closely miss the bat.
The bat is severely wounded.
The bat hits you but does no damage. x2
You closely miss the bat.
The bat is severely wounded.
The bat hits you but does no damage. The bat barely misses you.
The bat closely misses you.
You barely miss the bat.
The bat is severely wounded.
The bat hits you but does no damage. The bat hits you but does no damage.
The bat closely misses you. The bat barely misses you.
You slash the bat!
You kill the bat!
Your Fighting skill increases to level 3!
You now have 143 gold pieces (gained 7).
Found a snail-covered altar of Cheibriados.
Health restored: 45
There is a snail-covered altar of Cheibriados here.
You open the door.
There is a snail-covered altar of Cheibriados here.
You see here 7 tomahawks.
u - a wand of cold Grinder shouts!
Grinder says, "FISH!"
Grinder is too close now for your liking.
Grinder gestures at you. Pain shoots through your body!
You take 14 damage, and have 31/45 hp.
O_OOPS!!
MASSIVE DAMAGE!!
Grinder gestures at you. You resist with significant effort.
You closely miss Grinder. Grinder hits you but does no damage.
Grinder barely misses you.
You hit Grinder but do no damage.
Grinder gestures.
Grinder blinks!
Grinder gestures.
Grinder blinks!
Grinder rolls his eyes.
Grinder gestures at you.
You suddenly lose the ability to move!
Grinder hits you but does no damage. Grinder hits you.
You writhe in agony.
You writhe in agony.
Grinder gestures at you. Pain shoots through your body!
* * * LOW HITPOINT WARNING * * *
Grinder gestures at you. Pain shoots through your body!
* * * LOW HITPOINT WARNING * * *
Grinder hits you.
You die...

.██∆██.█.█..██..█.████....█ █.██
.██.██.█.█..██....█ █....█ █.█
.......█.█..██....████....█ █.█
.██▲██......██............████.██
.. ███.██.███...█████..........
.. █.██.███...........████(██
█.........................
█.██.████..........████.██ █.█ .█
█@█[██████.█ █... █.█ .█ █5█.█
...


████ █.█ █.█.█ ♣..♣♣ █.█ ..█.█ ♣♣.♣ █ ... ♣.♣ ██ ...█ ♣.♣ █∆ ...█ ♣.♣ █. ....█
█. ██ You could see Grinder.

Vanquished Creatures
  Ijyb (D:2)
  3 gnolls (D:3)
  An adder (D:3)
  2 worms (D:2)
  2 giant geckos (D:2)
  An orc (D:3)
  9 bats
  7 goblins
  4 hobgoblins
  A ball python (D:2)
  4 giant cockroaches
  4 giant newts
  2 kobolds
  A quokka (D:3)
  10 rats
  A toadstool (D:1)
53 creatures vanquished.

Vanquished Creatures (others)
  3 toadstools (D:1)
3 creatures vanquished.

Grand Total: 56 creatures vanquished

Notes
Turn   | Place    | Note
--------------------------------------------------------------
     0 | D:1      | Goblin1989 the Hill Orc Gladiator began the quest for the Orb.
     0 | D:1      | Reached XP level 1. HP: 18/18 MP: 1/1
   297 | D:1      | Reached XP level 2. HP: 25/25 MP: 2/2
   498 | D:1      | Reached skill level 5 in Axes
  1020 | D:2      | Reached XP level 3. HP: 28/30 MP: 3/3
  1120 | D:2      | Found a shimmering altar of Xom.
  1122 | D:2      | Noticed Ijyb
  1122 | D:2      | Found a sparkling altar of Nemelex Xobeh.
  1124 | D:2      | Found a stormy altar of Qazlal.
  1140 | D:2      | Killed Ijyb
  1140 | D:2      | Reached skill level 1 in Armour
  1140 | D:2      | Reached XP level 4. HP: 34/37 MP: 4/4
  1516 | D:3      | Noticed Grinder
  1530 | D:3      | Paralysed by Grinder for 4 turns
  1704 | D:3      | Paralysed by Grinder for 4 turns
  1901 | D:3      | Reached skill level 6 in Axes
  1915 | D:3      | Reached XP level 5. HP: 23/44 MP: 5/5
  2104 | D:3      | Found a snail-covered altar of Cheibriados.
  2146 | D:3      | Paralysed by Grinder for 6 turns
  2151 | D:3      | Slain by Grinder

Action                   |  1- 3 |  4- 6 || total
-------------------------+-------+-------++-------
Melee: War axe           |   109 |    66 ||   175
Throw: Throwing net      |       |     1 ||     1
  Use: Potion            |       |     1 ||     1
  Eat: Chunk             |     1 |       ||     1
       Bread ration      |       |     1 ||     1

Vault maps used:
D:1:      ldierk_water_garden
D:2:      grunt_temple_overflow_open, uniq_iyjb
D:3:      fedhas_altar_4, cheibriados_altar_1, uniq_grinder
